 Dungeon Crawl Stone Soup version 0.19-b1-3-g7dea586 (webtiles) character file.

158 dorian the Chucker (level 5, -15/55 HPs)
             Began as an Ogre Hunter on Oct 28, 2016.
             Killed from afar by Mesmaeker13's ghost (23 damage)
             ... with an orb of energy
             ... on level 4 of the Dungeon.
             The game lasted 00:06:16 (3237 turns).

dorian the Chucker (Ogre Hunter)                    Turns: 3237, Time: 00:06:17

Health: -15/55     AC:  3    Str: 18    XL:     5   Next: 39%
Magic:  5/5        EV: 10    Int: 10    God:
Gold:   155        SH:  0    Dex: 10    Spells: 0 memorised, 4 levels left

rFire  . . .     SeeInvis .     u - +0 flail
rCold  . . .     Gourm    .     b - +0 robe
rNeg   . . .     Faith    .     (no shield)
rPois  .         Spirit   .     (helmet restricted)
rElec  .         Reflect  .     (no cloak)
rCorr  .         Harm     .     (gloves unavailable)
MR     .....                    (boots unavailable)
Stlth  +.........               (no amulet)
                                (no ring)
                                (no ring)

@: no status effects
A: unfitting armour, tough skin 1
a: no special abilities


You were on level 4 of the Dungeon.
You were hungry.

You visited 1 branch of the dungeon, and saw 4 of its levels.

You collected 155 gold pieces.

Inventory:

Hand Weapons
 a - a +0 short sword
 u - a +0 flail (weapon)
Missiles
 k - 6 tomahawks (quivered)
Armour
 b - a +0 robe (worn)
 r - a +0 large shield
Jewellery
 t - an uncursed ring of protection from magic {unknown}
Scrolls
 d - a scroll of amnesia {unknown}
 e - a scroll of fear {unknown}
 h - 2 scrolls of identify {unknown}
 l - a scroll of enchant weapon {unknown}
 m - a scroll of enchant armour {unknown}
 o - 2 scrolls of recharging {unknown}
 p - 3 scrolls of teleportation {unknown}
Potions
 g - 2 potions of lignification {unknown}
 i - 2 potions of haste {unknown}
 n - 2 potions of resistance {unknown}
 s - a potion of agility {unknown}
Comestibles
 f - 3 bread rations
 j - a slice of pizza
 q - a meat ration
 v - a beef jerky


   Skills:
 - Level 4.3 Fighting
 * Level 3.1 Maces & Flails
 + Level 5.3 Throwing
 - Level 1.7 Dodging
 - Level 0.6 Stealth


You had 4 spell levels left.
You didn't know any spells.

Dungeon Overview and Level Annotations

Branches:
Dungeon (4/15)
 Temple: D:4-7

Altars:
Zin

Annotations:
D:4 Mesmaeker13's ghost, amateur HECj


Innate Abilities, Weirdness & Mutations

You are too large for most types of armour.
You have tough skin. (AC +1)


Message History

Mesmaeker13's ghost points at you and mumbles some strange words.
The magic dart hits you!
Throwing (i - inventory. (,) - cycle):
c - 2 large rocks (quivered)
Press: ? - help, Shift-Dir - straight line, f/p - Mesmaeker13's ghost
Aim: Mesmaeker13's ghost You throw a large rock.
The large rock closely misses Mesmaeker13's ghost.
Mesmaeker13's ghost casts a spell at you.
The magic dart hits you!
Mesmaeker13's ghost points at you and mumbles some strange words.
The orb of energy hits you!
* * * LOW HITPOINT WARNING * * *
Throwing (i - inventory. (,) - cycle):
c - a large rock (quivered)
Press: ? - help, Shift-Dir - straight line, f/p - Mesmaeker13's ghost
Aim: Mesmaeker13's ghost You throw a large rock.
The large rock hits Mesmaeker13's ghost but does no damage.
Mesmaeker13's ghost gestures at you while chanting.
The orb of energy hits you!
You die...

(.. #..##
(.(..#####....##
...)W...........
..######..#####
##W## #..#
#######..#
##....##..#
##......##@#
#........#.##
#...........#
##........#.#
##.<.....#.#
##......#.#
##....##..
##...# #. ##..#
.#


You could see Mesmaeker13's ghost.

Vanquished Creatures
  An orc priest (D:2)
  An orc wizard (D:3)
  4 adders
  A worm (D:2)
  A dart slug (D:1)
  4 leopard geckos
  6 orcs
  A ball python (D:2)
  4 giant cockroaches
  5 goblins
  3 hobgoblins
  2 kobolds (D:1)
  A quokka (D:2)
  9 bats
  5 frilled lizards
  3 rats
51 creatures vanquished.

Notes
Turn   | Place    | Note
-------+----------+-------------------------------------------
     0 | D:1      | dorian the Ogre Hunter began the quest for the Orb.
     0 | D:1      | Reached XP level 1. HP: 22/22 MP: 1/1
   142 | D:1      | Reached XP level 2. HP: 27/31 MP: 2/2
   788 | D:2      | Reached XP level 3. HP: 39/39 MP: 3/3
  1781 | D:3      | Reached skill level 1 in Maces & Flails
  1781 | D:3      | Reached XP level 4. HP: 49/49 MP: 4/4
  2305 | D:3      | Found a glowing silver altar of Zin.
  2529 | D:2      | Reached skill level 5 in Throwing
  2530 | D:2      | Reached XP level 5. HP: 13/55 MP: 5/5
  3227 | D:4      | Noticed Mesmaeker13's ghost (amateur HECj)
  3237 | D:4      | Killed from afar by Mesmaeker13's ghost

Skill      XL: |  1  2  3  4  5 |
---------------+----------------+-----
Fighting       | 3 4 |  4.3
Maces & Flails | 1 2 3 |  3.1
Throwing       | 5 |  5.3
Dodging        | |  1.7
Stealth        | |  0.6

Action                   |  1- 3 |  4- 6 || total
-------------------------+-------+-------++-------
Melee: Short sword       |   115 |       ||   115
       Flail             |       |    79 ||    79
Throw: Large rock        |     4 |    14 ||    18
       Throwing net      |       |     4 ||     4
 Stab: Sleeping          |     1 |       ||     1
  Eat: Chunk             |     3 |     4 ||     7
Armor: Robe              |    38 |    46 ||    84
Dodge: Dodged            |    55 |    75 ||   130
